cohdb
Replays
Latest Replays
All Replays
Popular Replays
Top Player Replays
Match Explorer
How It Works
Community
CoH3 Stats
Reddit
Sign in to upload your games and track your stats! →
Sign in with Steam
Match 38618998
Unlisted
Match 38618998
Overview
Messages
Build Orders
End
Selects Australian Defense Battlegroup
Selects Australian Light Infantry Section
Australian Light Infantry Section
Vickers Machine Gun Team
Construct Section Command Post
Infantry Section
Infantry Section
Construct Field Infirmary
Construct Platoon Command Post
Selects Defensive Tactics
ML 3-inch Mortar Team
ML 3-inch Mortar Team
Construct Company Command Post
Selects Vehicle Over Repair
Crusader II Medium Tank
Selects CMP 15cwt Supply Run
Selects Artillery Trip Wire Flares
Crusader II Medium Tank
Foot Guards Section
只愛❤毛妹
OlBill
0
0
Comments
sign in to comment!
No comments posted yet!